TOP OF THE 1ST |
Rochester Red Wings batting - Pitching for Durham Bulls : RHP Miguel Romero
|
Pitching: RHP Miguel Romero
|
|
Batting: RHB Jason Gee
|
0-0: Called Strike 0-1: Ground out 5-3 (Groundball, 5S, EV 88.1 MPH)
|
Batting: SHB Ian Thompson
|
0-0: Ball 1-0: Foul Ball, location: 2F 1-1: DOUBLE (Line Drive, 89D, EV 106.2 MPH)
|
Batting: LHB Jon Ventura
|
0-0: Called Strike 0-1: Swinging Strike 0-2: Strikes out swinging
|
Batting: RHB Leo Gonzalez
|
0-0: Ball 1-0: Fly out, F5 (Line Drive, 56, EV 71.2 MPH)
|
Top of the 1st over - 0 runs, 1 hit, 0 errors, 1 left on base; Rochester 0 - Durham 0 |
BOTTOM OF THE 1ST |
Durham Bulls batting - Pitching for Rochester Red Wings : RHP Ruben Requena
|
Pitching: RHP Ruben Requena
|
|
Batting: LHB Darryl Gonnella
|
0-0: Ball 1-0: Ground out 5-3 (Groundball, 56, EV 105.0 MPH)
|
Batting: RHB Alex Diaz
|
0-0: Ball 1-0: Ground out 6-3 (Groundball, 56, EV 107.5 MPH)
|
Batting: LHB Davion Lewis
|
0-0: Foul Ball, location: 2F 0-1: Ball 1-1: Ball 2-1: Foul Ball, location: 2F 2-2: Foul Ball, location: 2F 2-2: Ball 3-2: Strikes out swinging
|
Bottom of the 1st over - 0 runs, 0 hits, 0 errors, 0 left on base; Rochester 0 - Durham 0 |
TOP OF THE 2ND |
Rochester Red Wings batting - Pitching for Durham Bulls : RHP Miguel Romero
|
Batting: RHB Colin Boddy
|
0-0: Ball 1-0: DOUBLE (Flyball, 89XD, EV 100.0 MPH)
|
Batting: RHB Josh Harmon
|
0-0: Ball 1-0: Called Strike 1-1: Ball 2-1: Ball 3-1: Called Strike 3-2: Ground out 5-3 (Groundball, 5S, EV 91.9 MPH)
|
Batting: RHB Ryan Gautney
|
0-0: SINGLE (Groundball, 34D, EV 96.2 MPH) Colin Boddy to third
|
Batting: LHB Tyler Allen
|
0-0: Called Strike 0-1: Fielders Choice at 2nd, 6-4 (Groundball, 6, EV 103.1 MPH) Colin Boddy scores
|
Batting: RHB José Molina
|
0-0: 2-RUN HOME RUN (Flyball, 78XD, EV 106.9 MPH), Distance : 408 ft
|
Batting: RHB Jason Gee
|
0-0: Called Strike 0-1: SINGLE (Groundball, 34D, EV 105.6 MPH)
|
Batting: SHB Ian Thompson
|
0-0: Fly out, F8 (Line Drive, 8LS, EV 91.2 MPH)
|
Top of the 2nd over - 3 runs, 4 hits, 0 errors, 1 left on base; Rochester 3 - Durham 0 |
BOTTOM OF THE 2ND |
Durham Bulls batting - Pitching for Rochester Red Wings : RHP Ruben Requena
|
Batting: LHB Eric Toney
|
0-0: Ball 1-0: Ball 2-0: Ball 3-0: Called Strike 3-1: Base on Balls
|
Batting: RHB Jose Arriola
|
0-0: Ball 1-0: Called Strike 1-1: Foul Ball, location: 2F 1-2: Ball 2-2: Ground out 6-3 (Groundball, 6M, EV 93.8 MPH) Eric Toney to second
|
Batting: RHB James Huddleston
|
0-0: Called Strike 0-1: DOUBLE (Line Drive, 78D, EV 110.6 MPH) Eric Toney scores
|
Batting: RHB Kevin Benfield
|
0-0: Ball 1-0: Foul Ball, location: 2F 1-1: Ball 2-1: Foul Ball, location: 2F 2-2: Ball 3-2: SINGLE (Line Drive, 8RS, EV 90.6 MPH) James Huddleston to third Runner from 3rd tries for Home, SAFE, throw by CF to home Kevin Benfield to second
|
Batting: RHB Roberto Aispuro
|
0-0: Called Strike 0-1: Foul Ball, location: 2F 0-2: Ball 1-2: DOUBLE (Flyball, 8LD, EV 88.8 MPH) Kevin Benfield scores
|
Batting: LHB Danny Hull
|
0-0: Ball 1-0: Ball 2-0: Foul Ball, location: 2F 2-1: Ball 3-1: DOUBLE (Groundball, 3L, EV 104.4 MPH) Roberto Aispuro scores
|
Batting: LHB Darryl Gonnella
|
0-0: Fly out, F7 (Flyball, 7LM, EV 93.8 MPH)
|
Batting: RHB Alex Diaz
|
0-0: Ball 1-0: Ball 2-0: Foul Ball, location: 2F 2-1: Ball 3-1: SINGLE (Line Drive, 6MD, EV 97.5 MPH) Danny Hull to third Runner from 3rd tries for Home, SAFE, throw by CF to home
|
Batting: LHB Davion Lewis
|
0-0: Ball 1-0: Ball 2-0: Ground out 6-3 (Groundball, 6MS, EV 71.2 MPH)
|
Bottom of the 2nd over - 5 runs, 5 hits, 0 errors, 1 left on base; Rochester 3 - Durham 5 |
TOP OF THE 3RD |
Rochester Red Wings batting - Pitching for Durham Bulls : RHP Miguel Romero
|
Batting: LHB Jon Ventura
|
0-0: Ball 1-0: Ball 2-0: Ball 3-0: Called Strike 3-1: Swinging Strike 3-2: Foul Ball, location: 2F 3-2: Foul Ball, location: 2F 3-2: SINGLE (Groundball, 6S, EV 73.1 MPH) (infield hit)
|
Batting: RHB Leo Gonzalez
|
0-0: Called Strike 0-1: Fly out, F8 (Flyball, 8RM, EV 87.5 MPH)
|
Batting: RHB Colin Boddy
|
0-0: SINGLE (Groundball, 6MD, EV 106.9 MPH) Jon Ventura to second
|
Batting: RHB Josh Harmon
|
0-0: Called Strike 0-1: Foul Ball, location: 2F 0-2: Ball 1-2: Strikes out swinging
|
Batting: RHB Ryan Gautney
|
0-0: Called Strike 0-1: Ball 1-1: Swinging Strike 1-2: Strikes out swinging
|
Top of the 3rd over - 0 runs, 2 hits, 0 errors, 2 left on base; Rochester 3 - Durham 5 |
BOTTOM OF THE 3RD |
Durham Bulls batting - Pitching for Rochester Red Wings : RHP Ruben Requena
|
Batting: LHB Eric Toney
|
0-0: Called Strike 0-1: Ball 1-1: Ball 2-1: Ball 3-1: Called Strike 3-2: Fly out, F7 (Flyball, 78M, EV 86.9 MPH)
|
Batting: RHB Jose Arriola
|
0-0: Ball 1-0: Fly out, F7 (Flyball, 7, EV 93.1 MPH)
|
Batting: RHB James Huddleston
|
0-0: Called Strike 0-1: Ball 1-1: Ball 2-1: Foul Ball, location: 2F 2-2: Foul Ball, location: 2F 2-2: TRIPLE (Flyball, 89XD, EV 95.0 MPH)
|
Batting: RHB Kevin Benfield
|
0-0: Ball 1-0: Called Strike 1-1: DOUBLE (Line Drive, 78XD, EV 110.0 MPH) James Huddleston scores
|
Pitching: LHP Brian Rhyne
|
|
Batting: RHB Roberto Aispuro
|
0-0: Ball 1-0: Foul Ball, location: 2F 1-1: Ball 2-1: Ball 3-1: Foul Ball, location: 2F 3-2: Ground out 4-3 (Groundball, 4, EV 87.5 MPH)
|
Bottom of the 3rd over - 1 run, 2 hits, 0 errors, 1 left on base; Rochester 3 - Durham 6 |
TOP OF THE 4TH |
Rochester Red Wings batting - Pitching for Durham Bulls : RHP Miguel Romero
|
Batting: LHB Tyler Allen
|
0-0: Ball 1-0: Ball 2-0: Called Strike 2-1: Ball 3-1: Ground out 6-3 (Groundball, 56, EV 104.4 MPH)
|
Batting: RHB José Molina
|
0-0: Ball 1-0: Foul Ball, location: 2F 1-1: Ball 2-1: Fly out, F8 (Line Drive, 8RM, EV 104.4 MPH)
|
Batting: RHB Jason Gee
|
0-0: Called Strike 0-1: Called Strike 0-2: Ball 1-2: Ball 2-2: Foul Ball, location: 2F 2-2: Fly out, F7 (Flyball, 7D, EV 101.2 MPH)
|
Top of the 4th over - 0 runs, 0 hits, 0 errors, 0 left on base; Rochester 3 - Durham 6 |
BOTTOM OF THE 4TH |
Durham Bulls batting - Pitching for Rochester Red Wings : LHP Brian Rhyne
|
Batting: LHB Danny Hull
|
0-0: Ball 1-0: Called Strike 1-1: Called Strike 1-2: Strikes out looking
|
Batting: LHB Darryl Gonnella
|
0-0: Called Strike 0-1: Ground out 4-3 (Groundball, 4, EV 88.8 MPH)
|
Batting: RHB Alex Diaz
|
0-0: Ball 1-0: Called Strike 1-1: Foul Ball, location: 2F 1-2: Ball 2-2: Strikes out swinging
|
Bottom of the 4th over - 0 runs, 0 hits, 0 errors, 0 left on base; Rochester 3 - Durham 6 |
TOP OF THE 5TH |
Rochester Red Wings batting - Pitching for Durham Bulls : RHP Miguel Romero
|
Batting: SHB Ian Thompson
|
0-0: Ground out 4-3 (Groundball, 4, EV 86.2 MPH)
|
Batting: LHB Jon Ventura
|
0-0: SINGLE (Line Drive, 7LS, EV 113.8 MPH)
|
Batting: RHB Leo Gonzalez
|
0-0: Called Strike 0-1: Ball 1-1: Swinging Strike 1-2: Ball 2-2: Strikes out looking
|
Batting: RHB Colin Boddy
|
0-0: Ball Jon Ventura is caught stealing 2nd base 2-4
|
Top of the 5th over - 0 runs, 1 hit, 0 errors, 0 left on base; Rochester 3 - Durham 6 |
BOTTOM OF THE 5TH |
Durham Bulls batting - Pitching for Rochester Red Wings : LHP Brian Rhyne
|
Batting: LHB Davion Lewis
|
0-0: Called Strike 0-1: Ball 1-1: Foul Ball, location: 2F 1-2: Strikes out swinging
|
Batting: LHB Eric Toney
|
0-0: Ground out 4-3 (Groundball, 34, EV 85.0 MPH)
|
Batting: RHB Jose Arriola
|
0-0: Ball 1-0: Swinging Strike 1-1: Fly out, F7 (Flyball, 78M, EV 81.9 MPH)
|
Bottom of the 5th over - 0 runs, 0 hits, 0 errors, 0 left on base; Rochester 3 - Durham 6 |
TOP OF THE 6TH |
Rochester Red Wings batting - Pitching for Durham Bulls : RHP Miguel Romero
|
Batting: RHB Colin Boddy
|
0-0: Swinging Strike 0-1: Ground out U3 (Groundball, 3, EV 91.2 MPH)
|
Batting: RHB Josh Harmon
|
0-0: DOUBLE (Line Drive, 9LM, EV 102.5 MPH)
|
Batting: RHB Ryan Gautney
|
0-0: Fly out, F9 (Flyball, 9LD, EV 93.1 MPH)
|
Batting: LHB Tyler Allen
|
0-0: Ball 1-0: Foul Ball, location: 2F 1-1: Ball 2-1: Ball 3-1: Ground out 4-3 (Groundball, 4M, EV 103.8 MPH)
|
Top of the 6th over - 0 runs, 1 hit, 0 errors, 1 left on base; Rochester 3 - Durham 6 |
BOTTOM OF THE 6TH |
Durham Bulls batting - Pitching for Rochester Red Wings : LHP Brian Rhyne
|
Batting: RHB James Huddleston
|
0-0: Foul Ball, location: 2F 0-1: Reached on error, E5 (Groundball, 56, EV 108.1 MPH)
|
Batting: RHB Kevin Benfield
|
0-0: Ball 1-0: Called Strike 1-1: Hit by Pitch James Huddleston to second
|
Batting: RHB Roberto Aispuro
|
0-0: Called Strike 0-1: Ball 1-1: Ball 2-1: Ball 3-1: Fly out, F7 (Flyball, 78M, EV 81.9 MPH)
|
Batting: LHB Danny Hull
|
0-0: Foul Ball, location: 2F 0-1: Called Strike 0-2: Ball 1-2: Foul Ball, location: 2F 1-2: Foul Ball, location: 2F 1-2: Strikes out swinging
|
Batting: LHB Darryl Gonnella
|
0-0: Foul Ball, location: 2F 0-1: Ball 1-1: Ball 2-1: Ball 3-1: Called Strike 3-2: Foul Ball, location: 2F 3-2: Fly out, F3 (Line Drive, 3L, EV 66.9 MPH)
|
Bottom of the 6th over - 0 runs, 0 hits, 1 error, 2 left on base; Rochester 3 - Durham 6 |
TOP OF THE 7TH |
Rochester Red Wings batting - Pitching for Durham Bulls : RHP Miguel Romero
|
Batting: RHB José Molina
|
0-0: Called Strike 0-1: Foul Ball, location: 2F 0-2: SOLO HOME RUN (Flyball, 78XD, EV 100.0 MPH), Distance : 392 ft
|
Batting: RHB Jason Gee
|
0-0: Ball 1-0: Foul Ball, location: 2F 1-1: Ground out 4-3 (Groundball, 4, EV 85.0 MPH)
|
Batting: SHB Ian Thompson
|
0-0: Called Strike 0-1: Ground out U3 (Groundball, 3, EV 80.6 MPH)
|
Batting: LHB Jon Ventura
|
0-0: Ball 1-0: Ball 2-0: Foul Ball, location: 2F 2-1: Ground out 6-3 (Groundball, 6M, EV 85.6 MPH)
|
Top of the 7th over - 1 run, 1 hit, 0 errors, 0 left on base; Rochester 4 - Durham 6 |
BOTTOM OF THE 7TH |
Durham Bulls batting - Pitching for Rochester Red Wings : LHP Brian Rhyne
|
Pitching: LHP Josh Gunderson
|
|
Batting: RHB Alex Diaz
|
0-0: Ball 1-0: Ball 2-0: Called Strike 2-1: Ball 3-1: Base on Balls
|
Batting: LHB Davion Lewis
|
0-0: Ball 1-0: Ball Wild Pitch! Alex Diaz to second 2-0: Foul Ball, location: 2F 2-1: Ground out 6-3 (Groundball, 6S, EV 67.5 MPH) Alex Diaz to third
|
Batting: LHB Eric Toney
|
0-0: Foul Ball, location: 2F 0-1: Swinging Strike 0-2: Ball Wild Pitch! Alex Diaz scores 1-2: Foul Ball, location: 2F 1-2: Foul Ball, location: 2F 1-2: Fly out, F8 (Flyball, 78D, EV 106.2 MPH)
|
Batting: RHB Jose Arriola
|
0-0: Ball 1-0: SINGLE (Groundball, 6, EV 98.8 MPH)
|
Batting: RHB James Huddleston
|
0-0: Ball 1-0: Foul Ball, location: 2F 1-1: Foul Ball, location: 2F 1-2: Ground out 4-3 (Groundball, 34, EV 88.1 MPH)
|
Bottom of the 7th over - 1 run, 1 hit, 0 errors, 1 left on base; Rochester 4 - Durham 7 |
TOP OF THE 8TH |
Rochester Red Wings batting - Pitching for Durham Bulls : RHP Miguel Romero
|
Batting: RHB Leo Gonzalez
|
0-0: Ground out 6-3 (Groundball, 6, EV 88.1 MPH)
|
Batting: RHB Colin Boddy
|
0-0: Foul Ball, location: 2F 0-1: Ball 1-1: Fly out, F8 (Line Drive, 8LM, EV 98.1 MPH)
|
Batting: RHB Josh Harmon
|
0-0: Called Strike 0-1: Called Strike 0-2: Ball 1-2: Ball 2-2: Foul Ball, location: 2F 2-2: Ball 3-2: Fly out, F6 (Popup, 6MS, EV 80.0 MPH)
|
Top of the 8th over - 0 runs, 0 hits, 0 errors, 0 left on base; Rochester 4 - Durham 7 |
BOTTOM OF THE 8TH |
Durham Bulls batting - Pitching for Rochester Red Wings : LHP Josh Gunderson
|
Batting: RHB Kevin Benfield
|
0-0: Ball 1-0: Ball 2-0: Ball 3-0: Called Strike 3-1: Ground out 1-3 (Groundball, 13S, EV 68.8 MPH)
|
Batting: RHB Roberto Aispuro
|
0-0: Ball 1-0: Ground out 5-3 (Groundball, 5, EV 86.2 MPH)
|
Batting: LHB Danny Hull
|
0-0: Called Strike 0-1: Ball 1-1: Ball 2-1: Foul Ball, location: 2F 2-2: Fly out, F4 (Line Drive, 4D, EV 68.8 MPH)
|
Bottom of the 8th over - 0 runs, 0 hits, 0 errors, 0 left on base; Rochester 4 - Durham 7 |
TOP OF THE 9TH |
Rochester Red Wings batting - Pitching for Durham Bulls : RHP Miguel Romero
|
Pitching: RHP Cody Wilharm
|
|
Now in RF: Julio Hernandez
|
|
Batting: RHB Ryan Gautney
|
0-0: Foul Ball, location: 2F 0-1: Called Strike 0-2: Ball 1-2: Strikes out swinging
|
Batting: LHB Tyler Allen
|
0-0: Swinging Strike 0-1: Called Strike 0-2: Foul Ball, location: 2F 0-2: Ball 1-2: Strikes out swinging
|
Batting: RHB José Molina
|
0-0: Ball 1-0: Ball 2-0: Ball 3-0: Base on Balls
|
Batting: RHB Jason Gee
|
0-0: Swinging Strike 0-1: Ball 1-1: Called Strike 1-2: Ball 2-2: Ball 3-2: Foul Ball, location: 2F 3-2: DOUBLE (Flyball, 8LXD, EV 112.5 MPH) José Molina to third José Molina scores
|
Pitching: LHP Sam Wesman
|
|
Batting: SHB Ian Thompson
|
0-0: Ball 1-0: Called Strike 1-1: Ball 2-1: Ball 3-1: Base on Balls
|
Batting: LHB Jon Ventura
|
0-0: Swinging Strike 0-1: Ball 1-1: Ball 2-1: Called Strike 2-2: Ground out 3-1 (Groundball, 34S, EV 65.0 MPH)
|
Top of the 9th over - 1 run, 1 hit, 0 errors, 2 left on base; Rochester 5 - Durham 7 |
|